MLB
PHILADELPHIA PHILLIES @ WASHINGTON NATIONALS
09/24/2019
 
TOP OF THE 1ST
Philadelphia Phillies batting - Pitching for Washington Nationals : RHP Michael Wacha
Pitching: RHP Michael Wacha
Batting: LHB Leonys Martin 0-0: Called Strike
0-1: Ground out 4-3 (Groundball, 4, EV 85.0 MPH)
Batting: SHB Ketel Marte 0-0: SINGLE (Line Drive, 56, EV 106.3 MPH)
Batting: RHB Jesus Aguilar 0-0: Ball
1-0: Ball
2-0: Called Strike
2-1: SINGLE (Line Drive, 78S, EV 100.6 MPH)
Ketel Marte to second
Batting: RHB Giancarlo Stanton 0-0: Ball
1-0: Ball
2-0: Ball
3-0: Called Strike
3-1: Foul Ball, location: 2F
3-2: Strikes out swinging
Batting: LHB David Peralta 0-0: Ball
1-0: SINGLE (Flyball, 8LS, EV 92.5 MPH)
Ketel Marte to third
Jesus Aguilar to second
Runner from 3rd tries for Home, SAFE, no throw by CF
Batting: RHB Todd Frazier 0-0: Ball
1-0: Foul Ball, location: 2F
1-1: Ball
2-1: Fly out, F8 (Line Drive, 8RD, EV 104.4 MPH)
Top of the 1st over - 1 run, 3 hits, 0 errors, 2 left on base; Philadelphia 1 - Washington 0
BOTTOM OF THE 1ST
Washington Nationals batting - Pitching for Philadelphia Phillies : RHP Emmanuel Ramirez
Pitching: RHP Emmanuel Ramirez
Batting: LHB Adam Eaton 0-0: Ball
1-0: Fly out, F7 (Flyball, 7, EV 87.5 MPH)
Batting: LHB Andrew Benintendi 0-0: Ball
1-0: SINGLE (Groundball, 4MD, EV 96.9 MPH)
Batting: RHB Chris Taylor 0-0: Called Strike
0-1: Ball
1-1: Ball
2-1: Swinging Strike
2-2: Fly out, F7 (Flyball, 7LSF, EV 78.8 MPH)
Batting: LHB Yonder Alonso 0-0: Called Strike
0-1: Ball
1-1: Called Strike
1-2: Ball
2-2: Ball
3-2: SINGLE (Groundball, 6MD, EV 106.9 MPH)
Andrew Benintendi to second
Andrew Benintendi to third
Batting: RHB Yulieski Gurriel 0-0: Called Strike
0-1: SINGLE (Groundball, 56D, EV 96.3 MPH)
Andrew Benintendi scores
Yonder Alonso to second
Batting: LHB Joe Panik 0-0: Ball
1-0: Called Strike
1-1: Swinging Strike
1-2: Foul Ball, location: 2F
1-2: Ball
2-2: Ball
3-2: Base on Balls
Yonder Alonso to third
Yulieski Gurriel to second
Batting: RHB Austin Barnes 0-0: Ball
1-0: Called Strike
1-1: Ball
2-1: SINGLE (Line Drive, 9S, EV 106.9 MPH)
Yonder Alonso scores
Yulieski Gurriel to third
Joe Panik to second
Runner from 3rd tries for Home, SAFE, no throw by RF
Batting: LHB Jackie Bradley Jr. 0-0: Called Strike
0-1: Hit by Pitch
Joe Panik to third
Austin Barnes to second
Batting: RHB Michael Wacha 0-0: Called Strike
0-1: Ball
1-1: Swinging Strike
1-2: Foul Ball, location: 2F
1-2: Foul Ball, location: 2F
1-2: Ball
2-2: Foul Ball, location: 2F
2-2: Strikes out swinging
Bottom of the 1st over - 3 runs, 4 hits, 0 errors, 3 left on base; Philadelphia 1 - Washington 3
TOP OF THE 2ND
Philadelphia Phillies batting - Pitching for Washington Nationals : RHP Michael Wacha
Batting: RHB Josh Harrison 0-0: Ball
1-0: SOLO HOME RUN (Line Drive, 7D, EV 100.6 MPH), Distance : 381 ft
Batting: RHB Russell Martin 0-0: Ball
1-0: Ball
2-0: Ball
3-0: Base on Balls
Batting: RHB Emmanuel Ramirez 0-0: Bunt - Flyout to 23! F3
Batting: LHB Leonys Martin 0-0: Called Strike
0-1: SINGLE (Groundball, 4D, EV 97.5 MPH)
Russell Martin to second
Batting: SHB Ketel Marte 0-0: Called Strike
0-1: Ball
1-1: Ball
2-1: Ball
3-1: Grounds into double play, 6-4-3 (Groundball, 56, EV 100.6 MPH)
Top of the 2nd over - 1 run, 2 hits, 0 errors, 1 left on base; Philadelphia 2 - Washington 3
BOTTOM OF THE 2ND
Washington Nationals batting - Pitching for Philadelphia Phillies : RHP Emmanuel Ramirez
Batting: LHB Adam Eaton 0-0: Ball
1-0: Ball
2-0: Bunt for hit to 25 - play at first, batter safe!
Batting: LHB Andrew Benintendi 0-0: Called Strike
0-1: Foul Ball, location: 2F
0-2: Foul Ball, location: 2F
0-2: Ball
1-2: Ball
2-2: DOUBLE (Flyball, 8LXD, EV 91.3 MPH)
Adam Eaton to third
Batting: RHB Chris Taylor 0-0: Ball
1-0: Called Strike
1-1: Called Strike
1-2: Strikes out looking
Batting: LHB Yonder Alonso 0-0: Foul Ball, location: 2F
0-1: Foul Ball, location: 2F
0-2: Ball
1-2: Ball
2-2: Fly out, F9 (Line Drive, 9, EV 93.8 MPH)
Runner from 3rd tags up, SCORES, throw by RF
Batting: RHB Yulieski Gurriel 0-0: Ball
1-0: Ground out 6-3 (Groundball, 56, EV 80.6 MPH)
Bottom of the 2nd over - 1 run, 2 hits, 0 errors, 1 left on base; Philadelphia 2 - Washington 4
TOP OF THE 3RD
Philadelphia Phillies batting - Pitching for Washington Nationals : RHP Michael Wacha
Batting: RHB Jesus Aguilar 0-0: Ball
1-0: Ball
2-0: Called Strike
2-1: Fly out, F8 (Flyball, 78M, EV 91.3 MPH)
Batting: RHB Giancarlo Stanton 0-0: Foul Ball, location: 2F
0-1: Foul Ball, location: 2F
0-2: Ball
1-2: Strikes out swinging
Batting: LHB David Peralta 0-0: Foul Ball, location: 2F
0-1: Ball
1-1: Foul Ball, location: 2F
1-2: DOUBLE (Line Drive, 78D, EV 112.5 MPH)
Batting: RHB Todd Frazier 0-0: Ball
1-0: Foul Ball, location: 2F
1-1: Ball
2-1: Reached on error, E6 (Groundball, 56, EV 100.0 MPH)
David Peralta to third
Batting: RHB Josh Harrison 0-0: Fly out, F9 (Flyball, 89D, EV 98.8 MPH)
Top of the 3rd over - 0 runs, 1 hit, 1 error, 2 left on base; Philadelphia 2 - Washington 4
BOTTOM OF THE 3RD
Washington Nationals batting - Pitching for Philadelphia Phillies : RHP Emmanuel Ramirez
Batting: LHB Joe Panik 0-0: Ball
1-0: Ball
2-0: Ball
3-0: Foul Ball, location: 2F
3-1: Called Strike
3-2: Foul Ball, location: 2F
3-2: Foul Ball, location: 2F
3-2: SINGLE (Line Drive, 7S, EV 108.1 MPH)
Batting: RHB Austin Barnes Pickoff Throw to First - Out! 1-3
0-0: Ball
1-0: Foul Ball, location: 2F
1-1: Ball
2-1: Foul Ball, location: 2F
2-2: Reached on error, E7 (Flyball, 7S, EV 88.8 MPH)
Batting: LHB Jackie Bradley Jr. 0-0: Ball
1-0: Called Strike
1-1: Ball
2-1: Ball
Wild Pitch!
Austin Barnes to second
3-1: Base on Balls
Batting: RHB Michael Wacha 0-0: Sac Bunt to 2L - play at third, runner OUT! 2-6
Jackie Bradley Jr. to second
Batting: LHB Adam Eaton 0-0: Ball
1-0: Ball
2-0: Ball
3-0: Base on Balls
Jackie Bradley Jr. to third
Michael Wacha to second
Batting: LHB Andrew Benintendi 0-0: Ball
1-0: Ball
2-0: Ball
3-0: Base on Balls
Jackie Bradley Jr. scores
Michael Wacha to third
Adam Eaton to second
Pitching: LHP Alex Claudio
Batting: RHB Chris Taylor 0-0: Ball
1-0: Foul Ball, location: 2F
1-1: Foul Ball, location: 2F
1-2: Fly out, F6 (Flyball, 6MD, EV 86.3 MPH)
Bottom of the 3rd over - 1 run, 1 hit, 1 error, 3 left on base; Philadelphia 2 - Washington 5
TOP OF THE 4TH
Philadelphia Phillies batting - Pitching for Washington Nationals : RHP Michael Wacha
Batting: RHB Russell Martin 0-0: Reached on error, E5 (Groundball, 56, EV 108.1 MPH)
Batting: LHB Alex Claudio 0-0: Sac Bunt to 15S - play at first, batter OUT! 1-4
Russell Martin to second
Batting: LHB Leonys Martin 0-0: Ball
1-0: DOUBLE (Line Drive, 89D, EV 108.1 MPH)
Russell Martin scores
Batting: SHB Ketel Marte 0-0: Foul Ball, location: 2F
0-1: Foul Ball, location: 2F
0-2: Ball
1-2: Ball
2-2: Ball
3-2: Base on Balls
Batting: RHB Jesus Aguilar 0-0: Ball
1-0: Ball
2-0: Foul Ball, location: 2F
2-1: DOUBLE (Flyball, 8RXD, EV 106.3 MPH)
Leonys Martin scores
Ketel Marte to third
Batting: RHB Giancarlo Stanton 0-0: Ball
1-0: 3-RUN HOME RUN (Flyball, 8RXD, EV 93.1 MPH), Distance : 416 ft
Pitching: LHP Wade Miley
Batting: LHB David Peralta 0-0: Called Strike
0-1: Ball
1-1: Foul Ball, location: 2F
1-2: Ground out 6-3 (Groundball, 56, EV 106.3 MPH)
Batting: RHB Todd Frazier 0-0: Ball
1-0: Ball
2-0: Ball
3-0: Base on Balls
Batting: RHB Josh Harrison 0-0: Called Strike
0-1: Foul Ball, location: 2F
0-2: Fly out, F7 (Flyball, 7, EV 87.5 MPH)
Top of the 4th over - 5 runs, 3 hits, 1 error, 1 left on base; Philadelphia 7 - Washington 5
BOTTOM OF THE 4TH
Washington Nationals batting - Pitching for Philadelphia Phillies : LHP Alex Claudio
Batting: LHB Yonder Alonso 0-0: Foul Ball, location: 2F
0-1: Called Strike
0-2: Ball
1-2: Strikes out looking
Batting: RHB Yulieski Gurriel 0-0: Called Strike
0-1: SINGLE (Line Drive, 78S, EV 95.0 MPH)
Batting: LHB Joe Panik 0-0: Called Strike
0-1: Ball
1-1: Foul Ball, location: 2F
1-2: Ball
2-2: Ball
3-2: Fielders Choice at 2nd, 6-4 (Groundball, 6M, EV 78.1 MPH)
Batting: RHB Austin Barnes 0-0: Ball
1-0: Foul Ball, location: 2F
1-1: Foul Ball, location: 2F
1-2: Foul Ball, location: 2F
1-2: SINGLE (Groundball, 6MD, EV 98.1 MPH)
Joe Panik to second
Batting: LHB Jackie Bradley Jr. 0-0: Ball
1-0: Foul Ball, location: 2F
1-1: Ground out 4-3 (Groundball, 4, EV 83.8 MPH)
Bottom of the 4th over - 0 runs, 2 hits, 0 errors, 2 left on base; Philadelphia 7 - Washington 5
TOP OF THE 5TH
Philadelphia Phillies batting - Pitching for Washington Nationals : LHP Wade Miley
Batting: RHB Russell Martin 0-0: Ball
1-0: Called Strike
1-1: Foul Ball, location: 2F
1-2: Ball
2-2: Foul Ball, location: 2F
2-2: Ball
3-2: Base on Balls
Batting: LHB Alex Claudio 0-0: Sac Bunt to 13S - play at first, batter OUT! 1-4
Russell Martin to second
Batting: LHB Leonys Martin 0-0: Ball
1-0: Called Strike
1-1: Foul Ball, location: 2F
1-2: Strikes out looking
Batting: SHB Ketel Marte 0-0: Ball
Wild Pitch!
Russell Martin to third
1-0: Called Strike
1-1: Ground out 1-3 (Groundball, 15S, EV 69.4 MPH)
Top of the 5th over - 0 runs, 0 hits, 0 errors, 1 left on base; Philadelphia 7 - Washington 5
BOTTOM OF THE 5TH
Washington Nationals batting - Pitching for Philadelphia Phillies : LHP Alex Claudio
Batting: LHB Wade Miley 0-0: Ground out 1-3 (Groundball, 15S, EV 73.1 MPH)
Batting: LHB Adam Eaton 0-0: Foul Ball, location: 2F
0-1: Ball
1-1: Bunt for hit to 15S - play at first, batter OUT! 1-3
Pitching: RHP John Schreiber
Batting: LHB Andrew Benintendi 0-0: Called Strike
0-1: Swinging Strike
0-2: DOUBLE (Line Drive, 78M, EV 91.9 MPH)
Batting: RHB Chris Taylor 0-0: Ball
1-0: Ball
2-0: Called Strike
2-1: Called Strike
2-2: Foul Ball, location: 2F
2-2: Ball
3-2: Foul Ball, location: 2F
3-2: Foul Ball, location: 2F
3-2: Base on Balls
Batting: LHB Yonder Alonso 0-0: 3-RUN HOME RUN (Flyball, 89XD, EV 100.6 MPH), Distance : 417 ft
Batting: RHB Yulieski Gurriel 0-0: Ball
1-0: SINGLE (Line Drive, 56D, EV 96.3 MPH)
Batting: LHB Joe Panik 0-0: Ball
1-0: Ball
2-0: Foul Ball, location: 2F
2-1: Called Strike
2-2: SINGLE (Groundball, 3D, EV 109.4 MPH)
Yulieski Gurriel to second
Runner from 2nd tries for 3rd, SAFE, throw by RF made to third
Batting: RHB Austin Barnes 0-0: Swinging Strike
0-1: Foul Ball, location: 2F
0-2: Ball
1-2: Fly out, F3 (Popup, 3S, EV 63.8 MPH)
Bottom of the 5th over - 3 runs, 4 hits, 0 errors, 2 left on base; Philadelphia 7 - Washington 8
TOP OF THE 6TH
Philadelphia Phillies batting - Pitching for Washington Nationals : LHP Wade Miley
Batting: RHB Jesus Aguilar 0-0: Foul Ball, location: 2F
0-1: Ball
1-1: SINGLE (Groundball, 56D, EV 95.0 MPH)
Batting: RHB Giancarlo Stanton 0-0: Called Strike
0-1: Fielders Choice at 2nd, 1-6 (Groundball, 34S, EV 88.1 MPH)
Batting: LHB David Peralta 0-0: Ball
1-0: Foul Ball, location: 2F
1-1: Swinging Strike
1-2: Foul Ball, location: 2F
1-2: Ball
2-2: Ball
3-2: Base on Balls
Giancarlo Stanton to second
Batting: RHB Todd Frazier 0-0: Swinging Strike
0-1: Called Strike
0-2: Fly out, F7 (Line Drive, 7, EV 86.9 MPH)
Batting: RHB Josh Harrison 0-0: Called Strike
0-1: Ball
1-1: Called Strike
1-2: Foul Ball, location: 2F
1-2: Ball
2-2: Fly out, F7 (Flyball, 7S, EV 90.0 MPH)
Top of the 6th over - 0 runs, 1 hit, 0 errors, 2 left on base; Philadelphia 7 - Washington 8
BOTTOM OF THE 6TH
Washington Nationals batting - Pitching for Philadelphia Phillies : RHP John Schreiber
Pitching: RHP Seung-hwan Oh
Batting: LHB Jackie Bradley Jr. 0-0: Ball
1-0: Ball
2-0: Ball
3-0: Base on Balls
Pinch Hitting: SHB Jed Lowrie 0-0: Foul Ball, location: 2F
0-1: Foul Ball, location: 2F
0-2: Ball
1-2: SINGLE (Line Drive, 7S, EV 98.1 MPH)
Jackie Bradley Jr. to second
Pitching: RHP Jake Petricka
Batting: LHB Adam Eaton 0-0: Ball
1-0: Ball
2-0: Called Strike
2-1: Swinging Strike
2-2: Foul Ball, location: 2F
2-2: Foul Ball, location: 2F
2-2: Strikes out looking
Pitching: RHP Bryan Shaw
Batting: LHB Andrew Benintendi 0-0: Called Strike
0-1: Ball
1-1: Ball
2-1: Foul Ball, location: 2F
2-2: Foul Ball, location: 2F
2-2: Hit by Pitch
Jackie Bradley Jr. to third
Jed Lowrie to second
Pitching: RHP Jamie Callahan
Batting: RHB Chris Taylor 0-0: Ball
1-0: Ball
2-0: Called Strike
2-1: Foul Ball, location: 2F
2-2: Strikes out swinging
Batting: LHB Yonder Alonso 0-0: Ball
1-0: Called Strike
1-1: Called Strike
1-2: Foul Ball, location: 2F
1-2: Foul Ball, location: 2F
1-2: Strikes out looking
Bottom of the 6th over - 0 runs, 1 hit, 0 errors, 3 left on base; Philadelphia 7 - Washington 8
TOP OF THE 7TH
Philadelphia Phillies batting - Pitching for Washington Nationals : LHP Wade Miley
Pitching: RHP Dominic Leone
Batting: RHB Russell Martin 0-0: Foul Ball, location: 2F
0-1: Called Strike
0-2: Foul Ball, location: 2F
0-2: Strikes out swinging
Pinch Hitting: LHB Nicky Delmonico 0-0: Ball
1-0: Foul Ball, location: 2F
1-1: Ball
2-1: SINGLE (Line Drive, 89M, EV 88.8 MPH)
Batting: LHB Leonys Martin 0-0: Called Strike
0-1: Foul Ball, location: 2F
0-2: Grounds into double play, 6-4-3 (Groundball, 6, EV 76.9 MPH)
Top of the 7th over - 0 runs, 1 hit, 0 errors, 0 left on base; Philadelphia 7 - Washington 8
BOTTOM OF THE 7TH
Washington Nationals batting - Pitching for Philadelphia Phillies : RHP Jamie Callahan
Pitching: RHP Lou Trivino
Batting: RHB Yulieski Gurriel 0-0: Ball
1-0: Ball
2-0: Fly out, F7 (Flyball, 7S, EV 98.1 MPH)
Batting: LHB Joe Panik 0-0: Ball
1-0: Called Strike
1-1: Ball
2-1: Swinging Strike
2-2: Ball
3-2: Base on Balls
Pitching: RHP Kenley Jansen
Batting: RHB Austin Barnes 0-0: Ball
1-0: Ball
2-0: SINGLE (Groundball, 6MD, EV 111.9 MPH)
Joe Panik to second
Batting: LHB Jackie Bradley Jr. 0-0: Ball
1-0: Called Strike
1-1: Foul Ball, location: 2F
1-2: Ball
2-2: Strikes out looking
Pinch Hitting: RHB Tyler White 0-0: Ball
1-0: Fly out, F7 (Flyball, 7, EV 96.3 MPH)
Bottom of the 7th over - 0 runs, 1 hit, 0 errors, 2 left on base; Philadelphia 7 - Washington 8
TOP OF THE 8TH
Philadelphia Phillies batting - Pitching for Washington Nationals : RHP Dominic Leone
Pitching: RHP Bud Norris
Batting: SHB Ketel Marte 0-0: Foul Ball, location: 2F
0-1: Swinging Strike
0-2: Ground out U3 (Groundball, 3, EV 80.6 MPH)
Batting: RHB Jesus Aguilar 0-0: Called Strike
0-1: Swinging Strike
0-2: Foul Ball, location: 2F
0-2: Ball
1-2: Ball
2-2: Foul Ball, location: 2F
2-2: Ball
3-2: Foul Ball, location: 2F
3-2: Foul Ball, location: 2F
3-2: Strikes out swinging
Batting: RHB Giancarlo Stanton 0-0: Called Strike
0-1: SOLO HOME RUN (Flyball, 78XD, EV 100.6 MPH), Distance : 416 ft
Batting: LHB David Peralta 0-0: Called Strike
0-1: Ball
1-1: Called Strike
1-2: Ground out 5-3 (Groundball, 56, EV 89.4 MPH)
Top of the 8th over - 1 run, 1 hit, 0 errors, 0 left on base; Philadelphia 8 - Washington 8
BOTTOM OF THE 8TH
Washington Nationals batting - Pitching for Philadelphia Phillies : RHP Kenley Jansen
Batting: LHB Adam Eaton 0-0: Swinging Strike
0-1: Ball
1-1: Foul Ball, location: 2F
1-2: Reached on error, E6 (Groundball, 56, EV 86.3 MPH)
Batting: LHB Andrew Benintendi 0-0: Ball
1-0: Called Strike
Adam Eaton steals 2nd base
1-1: Intentional Walk
Batting: RHB Chris Taylor 0-0: Swinging Strike
0-1: Ball
1-1: Foul Ball, location: 2F
1-2: Ball
2-2: Ball
3-2: Strikes out looking
Batting: LHB Yonder Alonso 0-0: Ball
1-0: Called Strike
1-1: SINGLE (Groundball, 6MD, EV 103.8 MPH)
Adam Eaton to third
Andrew Benintendi to second
Runner from 3rd tries for Home, SAFE, no throw by CF
Batting: RHB Yulieski Gurriel 0-0: Ball
1-0: Called Strike
1-1: Ball
2-1: Called Strike
2-2: Ball
3-2: Strikes out looking
Batting: LHB Joe Panik 0-0: Ball
1-0: Ball
Wild Pitch!
Andrew Benintendi to third
Yonder Alonso to second
2-0: Fly out, F9 (Flyball, 9LS, EV 89.4 MPH)
Bottom of the 8th over - 1 run, 1 hit, 1 error, 2 left on base; Philadelphia 8 - Washington 9
TOP OF THE 9TH
Philadelphia Phillies batting - Pitching for Washington Nationals : RHP Bud Norris
Pitching: RHP Jeremy Jeffress
Pinch Hitting: LHB Justin Bour 0-0: Called Strike
0-1: Ball
1-1: Ball
2-1: Swinging Strike
2-2: Ground out 4-3 (Groundball, 4, EV 101.9 MPH)
Batting: RHB Josh Harrison 0-0: DOUBLE (Line Drive, 7LS, EV 100.6 MPH)
Batting: RHB Russell Martin 0-0: Ball
1-0: Ball
2-0: Ball
3-0: Foul Ball, location: 2F
3-1: Called Strike
3-2: Foul Ball, location: 2F
3-2: Foul Ball, location: 2F
3-2: Strikes out swinging
Pinch Hitting: RHB Delino DeShields Jr. 0-0: Called Strike
0-1: Ball
1-1: Swinging Strike
1-2: Foul Ball, location: 2F
1-2: Fly out, F3 (Popup, 23F, EV 87.5 MPH)
Top of the 9th over - 0 runs, 1 hit, 0 errors, 1 left on base; Philadelphia 8 - Washington 9
Thursday, January 2nd, 2020 - OOTP Baseball 20.8 Build 73